 Dungeon Crawl Stone Soup version 0.23-a0-417-gf02c810 (webtiles) character file.

250 George the Skirmisher (level 5, -2/48 HPs)
             Began as a Minotaur Fighter on Nov 10, 2018.
             Was an Initiate of the Shining One.
             Succumbed to Duvessa's poison
             ... on level 3 of the Dungeon.
             The game lasted 00:03:12 (2024 turns).

George the Skirmisher (Minotaur Fighter)            Turns: 2024, Time: 00:03:13

Health: -2/48      AC:  9    Str: 22    XL:     5   Next: 88%
Magic:  4/4        EV: 11    Int: 10    God:    the Shining One [......]
Gold:   156        SH: 10    Dex: 14    Spells: 4/4 levels left

rFire    . . .     SeeInvis +   p - +1 scimitar
rCold    . . .     Gourm    .   c - +0 shield
rNeg     . . .     Faith    .   a - +0 chain mail
rPois    .         Spirit   .   (helmet restricted)
rElec    .         Reflect  .   (no cloak)
rCorr    .         Harm     .   (no gloves)
MR       .....                  (no boots)
Stlth    ..........             (no amulet)
HPRegen  0.16/turn              k - ring of flight
MPRegen  0.09/turn              o - ring of see invisible

@: brilliant, agile, lethally poisoned (-2 -> -33), glowing
A: retaliatory headbutt, horns 2
a: Renounce Religion, Evoke Flight


You were on level 3 of the Dungeon.
You worshipped the Shining One.
The Shining One was noncommittal.
You were not hungry.

You visited 1 branch of the dungeon, and saw 4 of its levels.

You collected 156 gold pieces.

Inventory:

Hand Weapons
 p - a +1 scimitar (weapon)
Armour
 a - a +0 chain mail (worn)
 c - a +0 shield (worn)
Jewellery
 k - a ring of flight (left hand)
 o - a ring of see invisible (right hand)
Scrolls
 e - 2 scrolls of fear
 g - 3 scrolls of identify {unknown}
 h - 3 scrolls of enchant weapon
 i - 2 scrolls of enchant armour {unknown}
 l - a scroll of immolation {unknown}
 m - a scroll of magic mapping {unknown}
 r - a scroll of fog {unknown}
Potions
 d - a potion of might
 n - a potion of curing {unknown}
Comestibles
 f - 11 rations


   Skills:
 + Level 5.1 Fighting
 + Level 4.2 Long Blades
 + Level 5.0 Armour
 + Level 5.1 Shields
 + Level 0.0 Invocations


You had 4 spell levels left.
You didn't know any spells.
Your spell library was empty.

Dungeon Overview and Level Annotations

Branches:
Dungeon (4/15)
 Temple: D:4-7

Altars:
Cheibriados
Makhleb
The Shining One

Annotations:
D:4 Dowan, Duvessa


Innate Abilities, Weirdness & Mutations

You reflexively headbutt those who attack you in melee.
You have a pair of horns on your head.


Message History

There is a stone staircase leading down here.
There is a lethal amount of poison in your body!
Okay, then.
As you read the scroll labeled QUPSODIGHAWEN, it crumbles to dust.
It is a scroll of enchant weapon.
Your +0 scimitar glows red for a moment.
* * * LOW HITPOINT WARNING * * *
You feel very sick.
As you read the scroll labeled XUWKO LABATH, it crumbles to dust.
You assume a fearsome visage.
Nothing appears to happen.
It was a scroll of fear.
* * * LOW HITPOINT WARNING * * *
You feel very sick.
It was a potion of brilliance.
You feel clever all of a sudden.
* * * LOW HITPOINT WARNING * * *
You feel very sick.
It was a potion of agility.
You feel agile all of a sudden.
You die...

##...######..## ##...####.....
#...........# #..........##
###...#####...## ##............
...............## ##.............
................###..............
...................##....).....##
###...#####.....#..##..........†.
#..............<.##..........##
###...#####.....@..###########...
......# ##..[.^..##......# ####
.##...# #....##.##.####.# .##...#
#.....>.##.####.###### .#....#
#.##.........##.##.... .#.##.#
#.#####.##.#...<...### .#.##.#
#.......##......####
......######################
..#.#.............#


There were no monsters in sight!

Vanquished Creatures
  An ogre (D:2)
  A hound (D:2)
  7 adders
  An ooze (D:2)
  An adder skeleton (D:4)
  A dart slug (D:1)
  2 orcs (D:3)
  3 bats
  4 giant cockroaches
  8 goblins
  9 hobgoblins
  2 jackals (D:3)
  4 kobolds
  3 quokkas (D:3)
  6 frilled lizards
  8 rats
61 creatures vanquished.

Notes
Turn   | Place    | Note
-------+----------+-------------------------------------------
     0 | D:1      | George the Minotaur Fighter began the quest for the Orb.
     0 | D:1      | Reached XP level 1. HP: 19/19 MP: 0/0
   301 | D:1      | Reached XP level 2. HP: 27/27 MP: 1/1
   505 | D:2      | Noticed an ogre
   511 | D:2      | Killed an ogre
   511 | D:2      | Reached XP level 3. HP: 34/34 MP: 2/2
   511 | D:2      | Reached XP level 4. HP: 41/41 MP: 3/3
   622 | D:2      | Reached XP level 5. HP: 44/47 MP: 4/4
   707 | D:2      | Found a snail-covered altar of Cheibriados.
   913 | D:2      | Found a burning altar of Makhleb.
  1259 | D:3      | Reached skill level 5 in Fighting
  1262 | D:3      | Reached skill level 5 in Shields
  1291 | D:3      | Reached skill level 5 in Armour
  1921 | D:3      | Found a glowing golden altar of the Shining One.
  1933 | D:3      | Became a worshipper of the Shining One
  1989 | D:4      | Noticed Duvessa
  1989 | D:4      | Noticed Dowan
  2023 | D:3      | HP: 1/48 [poisoned by Duvessa]
  2024 | D:3      | Succumbed to Duvessa's poison

Vault maps used:
D:1:      nzn_arrival_depleted_hourglass
D:2:      makhleb_heckhound_becter, marbit_many_paths, first_ration
D:3:      tso_altar
D:4:      serial_shops, nicolae_shop_overgrown_old_shop, gammafunk_ghost_smash,
          minmay_close_crescents, uniq_duvessa

Skill      XL: |  1  2  3  4  5 |
---------------+----------------+-----
Fighting       | 4 5 |  5.1
Long Blades    | 3 4 |  4.2
Armour         | 4 5 |  5.0
Shields        | 4 5 |  5.1

Action                   |  1- 3 |  4- 6 || total
-------------------------+-------+-------++-------
Melee: Long sword        |    39 |   104 ||   143
       Headbutt          |     5 |    17 ||    22
       Scimitar          |       |    25 ||    25
  Use: Scroll            |       |     2 ||     2
       Potion            |       |     2 ||     2
  Eat: Chunk             |       |     4 ||     4
Armor: Scale mail        |    16 |    32 ||    48
       Chain mail        |       |    17 ||    17
Dodge: Dodged            |    11 |    34 ||    45
Block: Shield            |    16 |    64 ||    80
       Rpst.: Long sword |     5 |     8 ||    13
       Scimitar          |       |     3 ||     3

Table legend:
 A = Non-vault XP
 B = Vault XP
 C = Vault XP percentage of total XP
 D = Non-vault monster count
 E = Vault monster count
 F = Vault count percentage of total count
                 A         B        C        D         E       F
            +---------+---------+-------+---------+---------+-------
      Total |     313 |      45 |  12.6 |      59 |       2 |   3.3
            +---------+---------+-------+---------+---------+-------
        D:1 |      17 |       0 |   0.0 |      10 |       0 |   0.0
        D:2 |     244 |      45 |  15.6 |      30 |       2 |   6.2
        D:3 |      47 |       0 |   0.0 |      18 |       0 |   0.0
        D:4 |       5 |       0 |   0.0 |       1 |       0 |   0.0
            +---------+---------+-------+---------+---------+-------
